 Dungeon Crawl Stone Soup version 0.21-a0-582-g1b93aee (webtiles) character file.

139 Amnesiac the Ducker (level 5, -1/35 HPs)
             Began as a Halfling Fighter on Dec 19, 2017.
             Killed by nerve-wracking pain
             ... invoked by an orc priest
              (14 damage)
             ... on level 3 of the Dungeon.
             The game lasted 00:02:09 (1380 turns).

Amnesiac the Ducker (Halfling Fighter)              Turns: 1380, Time: 00:02:10

Health: -1/35      AC: 11    Str: 18    XL:     5   Next: 46%
Magic:  5/5        EV:  6    Int:  6    God:
Gold:   115        SH:  9    Dex: 14    Spells: 4/4 levels left

rFire    . . .     SeeInvis .   a - +0 rapier
rCold    . . .     Gourm    .   c - +0 shield
rNeg     . . .     Faith    .   i - +0 plate armour
rPois    .         Spirit   .   (no helmet)
rElec    .         Reflect  .   (no cloak)
rCorr    .         Harm     .   (no gloves)
MR       .....                  (no boots)
Stlth    ..........             (no amulet)
HPRegen  0.11/turn              (no ring)
MPRegen  0.09/turn              (no ring)

@: lethally poisoned (-1 -> -2)
A: small, mutation resistance 1
a: no special abilities


You were on level 3 of the Dungeon.
You were not hungry.

You visited 1 branch of the dungeon, and saw 3 of its levels.

You collected 115 gold pieces.

Inventory:

Hand Weapons
 a - a +0 rapier (weapon)
 g - a cursed -3 short sword
Missiles
 e - 4 needles of sleeping
 h - 38 stones (quivered)
Armour
 c - a +0 shield (worn)
 i - a +0 plate armour (worn)
Scrolls
 b - 3 scrolls of enchant weapon {!r, unknown}
 k - a scroll of noise {!r, unknown}
 l - 2 scrolls of magic mapping {!r, unknown}
 m - a scroll of remove curse {!r, unknown}
 q - a scroll of identify {!r, unknown}
Potions
 d - a potion of might {!q}
 j - 2 potions of haste {!q, unknown}
 n - 2 potions of flight {!q, unknown}
 p - 2 potions of lignification {!q, unknown}
 r - a potion of curing {!q, unknown}
Comestibles
 f - 5 rations
 o - a chunk of flesh


   Skills:
 - Level 2.6 Fighting
 - Level 2.4 Short Blades
 * Level 3.3 Throwing
 - Level 3.2 Armour
 - Level 3.3 Dodging
 - Level 3.2 Shields


You had 4 spell levels left.
You didn't know any spells.

Dungeon Overview and Level Annotations

Branches:
Dungeon (3/15)

Altars:
Xom


Innate Abilities, Weirdness & Mutations

You are small and have problems with some larger weapons.
You are somewhat resistant to further mutation.


Message History

Throwing (i - inventory):
h - 44 stones (quivered)
Press: ? - help, Shift-Dir - straight line, f/p - adder
Aim: an adder You throw a stone.
The stone hits the adder.
The adder is lightly wounded.
Throwing (i - inventory):
h - 43 stones (quivered)
Press: ? - help, Shift-Dir - straight line, f/p - adder
Aim: an adder (lightly wounded)
You throw a stone. The stone closely misses the adder.
You hit the adder.
The adder is severely wounded.
The adder bites you.
You are poisoned.
The adder poisons you!
You closely miss the adder.
The adder is severely wounded.
You feel sick. You block the adder's attack. The adder completely misses you.
You puncture the adder!
You kill the adder!
You feel sick.
Throwing (i - inventory):
h - 42 stones (quivered)
Press: ? - help, Shift-Dir - straight line, f - gnoll
Aim: a gnoll You throw a stone.
The stone barely misses the gnoll.
Throwing (i - inventory):
h - 41 stones (quivered)
Press: ? - help, Shift-Dir - straight line, f/p - gnoll
Aim: a gnoll You throw a stone.
The stone hits the gnoll.
The gnoll is lightly wounded.
You closely miss the gnoll.
The gnoll is lightly wounded.
You feel sick. You block the gnoll's attack.
You hit the gnoll.
The gnoll is moderately wounded.
You block the gnoll's attack. The gnoll hits you.
* * * LOW HITPOINT WARNING * * *
You hit the gnoll.
The gnoll is almost dead.
You feel sick. The gnoll barely misses you.
You closely miss the gnoll.
The gnoll is almost dead.
The gnoll hits you but does no damage.
You closely miss the gnoll.
The gnoll is almost dead.
You block the gnoll's attack.
You barely miss the gnoll.
The gnoll is almost dead.
You feel sick. You block the gnoll's attack.
You hit the gnoll.
You kill the gnoll!
An orc priest comes into view. It is wielding a short sword.
Throwing (i - inventory):
h - 40 stones (quivered)
Press: ? - help, Shift-Dir - straight line, f - orc priest
Aim: an orc priest, wielding a short sword (hasn't noticed you)
You throw a stone. The stone barely misses the orc priest.
The orc priest shouts!
Throwing (i - inventory):
h - 39 stones (quivered)
Press: ? - help, Shift-Dir - straight line, f/p - orc priest
Aim: an orc priest, wielding a short sword You throw a stone.
The stone hits the orc priest.
The orc priest is lightly wounded.
The orc priest mumbles some strange prayers to Beogh against you.
Pain shoots through your body!
You die...

.. #..(.............
. #)##..........<..
####'####ow......%..
#.......#....(......
###[_.###....(......
#.......#...(.......
####'####((........?
#)##.(...).......
#.@?)(.(.........
#######o.(.......
##.........
##........ .....S.


You could see an orc priest.

Vanquished Creatures
  A crimson imp (D:3)
  3 gnolls
  3 adders
  A worm (D:3)
  2 leopard geckos (D:1)
  3 orcs (D:3)
  2 giant cockroaches
  6 goblins
  6 hobgoblins
  2 jackals (D:1)
  2 kobolds (D:1)
  6 bats
  3 frilled lizards
  4 rats (D:1)
44 creatures vanquished.

Notes
Turn   | Place    | Note
-------+----------+-------------------------------------------
     0 | D:1      | Amnesiac the Halfling Fighter began the quest for the Orb.
     0 | D:1      | Reached XP level 1. HP: 15/15 MP: 1/1
    69 | D:1      | Reached skill level 1 in Dodging
    97 | D:1      | Reached XP level 2. HP: 20/20 MP: 2/2
   505 | D:1      | Reached XP level 3. HP: 25/25 MP: 3/3
  1055 | D:2      | Reached skill level 1 in Throwing
  1055 | D:2      | Reached XP level 4. HP: 20/30 MP: 4/4
  1287 | D:3      | Found a shimmering altar of Xom.
  1353 | D:3      | Reached XP level 5. HP: 30/35 MP: 5/5
  1380 | D:3      | Killed from afar by an orc priest

Vault maps used:
D:1:      dpeg_arrival_fog
D:3:      lemuel_doored_altar, marbit_many_paths, led_xom_imps, uniq_sigmund

Skill      XL: |  1  2  3  4  5 |
---------------+----------------+-----
Dodging        | 1 2 3 |  3.3
Throwing       | 1 2 3 |  3.3
Fighting       | |  2.6
Short Blades   | |  2.4
Armour         | |  3.2
Shields        | |  3.2

Action                   |  1- 3 |  4- 6 || total
-------------------------+-------+-------++-------
Melee: Rapier            |   114 |    55 ||   169
Throw: Stone             |       |    21 ||    21
  Eat: Chunk             |     1 |     1 ||     2
Armor: Scale mail        |    30 |       ||    30
       Plate armour      |    22 |    11 ||    33
Dodge: Dodged            |    50 |     5 ||    55
Block: Shield            |    71 |    25 ||    96

Table legend:
 A = Spawn XP
 B = Non-spawn XP
 C = Spawn XP percentage of total XP
 D = Spawn monster count
 E = Non-spawn monster count
 F = Spawn count percentage of total count
 G = Total turns spent on level
                    A         B        C        D         E        F      G
               +---------+---------+-------+---------+---------+-------+---------
         Total |       0 |     199 |   0.0 |       0 |      44 |   0.0 |  1380
               +---------+---------+-------+---------+---------+-------+---------
           D:1 |       0 |      33 |   0.0 |       0 |      21 |   0.0 |   738
           D:2 |       0 |      57 |   0.0 |       0 |      13 |   0.0 |   528
           D:3 |       0 |     109 |   0.0 |       0 |      10 |   0.0 |   114
               +---------+---------+-------+---------+---------+-------+---------
